 Dungeon Crawl Stone Soup version 0.29-a0-243-g602b31c20e (webtiles) character file.

Game seed: 10923143087224512784

532 pascalblue the Stinger (level 7, 0/32 HPs)
             Began as a Deep Elf Venom Mage on Mar 4, 2022.
             Succumbed to an adder's poison
             ... on level 5 of the Dungeon.
             The game lasted 00:18:46 (5853 turns).

pascalblue the Stinger (Deep Elf Venom Mage)        Turns: 5853, Time: 00:18:46

Health: 0/32       AC:  4    Str:  5    XL:     7   Next: 4%
Magic:  16/16      EV: 12    Int: 22    God:
Gold:   157        SH:  0    Dex: 15    Spells: 3/16 levels left

rFire   + . .      SeeInvis .   u - +0 scythe (distort)
rCold   + + .      Faith    .   (shield currently unavailable)
rNeg    . . .      Spirit   .   a - +0 robe
rPois   +          Reflect  .   d - +1 hat
rElec   +          Harm     .   (no cloak)
rCorr   +          Rampage  .   (no gloves)
Will    .....                   v - +0 pair of boots
Stlth   ++........              (no amulet)
HPRegen 0.10/turn               (no ring)
MPRegen 0.15/turn               (no ring)

@: brilliant, lethally poisoned (0 -> -3), resistant, attractive
A: cold resistance 1, frail 1, wild magic 1, inability to read while threatened
a: no special abilities


You were on level 5 of the Dungeon.
You visited 1 branch of the dungeon, and saw 5 of its levels.

You collected 157 gold pieces.

Inventory:

Hand Weapons
 j - a +1 club
 u - a +0 scythe of distortion (weapon)
Missiles
 i - 13 poisoned darts
Armour
 a - a +0 robe (worn)
 d - a +1 hat (worn)
 v - a +0 pair of boots (worn)
Jewellery
 e - a ring of protection from cold
 t - a ring of willpower
Scrolls
 g - a scroll of teleportation
 k - a scroll of fog
 m - a scroll of enchant weapon
 q - 2 scrolls of fear {unknown}
 w - a scroll of blinking {unknown}
Potions
 b - a potion of degeneration
 c - 2 potions of berserk rage
 f - a potion of flight
 o - 2 potions of ambrosia
 r - 2 potions of cancellation
 s - a potion of magic {unknown}


   Skills:
 - Level 2.4 Dodging
 - Level 2.4 Stealth
 + Level 5.1 Spellcasting
 + Level 2.7 Conjurations
 + Level 2.6 Transmutations
 + Level 2.6 Air Magic
 + Level 0.8 Earth Magic
 * Level 6.0 Poison Magic


You had 3 spell levels left.
You knew the following spells:

 Your Spells              Type           Power      Damage    Failure   Level
a - Sting                 Tmut/Pois      100%       1d8       3%          1
b - Poisonous Vapours     Pois/Air       96%        N/A       4%          2
c - Mephitic Cloud        Conj/Pois/Air  43%        N/A       10%         3
d - Olgreb's Toxic Radia  Pois           58%        N/A       13%         4
e - Stone Arrow           Conj/Erth      52%        3d10      21%         3

Your spell library contained the following spells:

 Spells                   Type           Power      Damage    Failure   Level
 Animate Armour           Summ/Erth      28%        N/A       71%         4
 Lehudib's Crystal Spear  Conj/Erth      13%        10d4      100%        8


Dungeon Overview and Level Annotations

Branches:
Dungeon (5/15)
 Temple: D:4-7

Altars:
Elyvilon

Shops:
D:3 (


Innate Abilities, Weirdness & Mutations

Your flesh is cold resistant. (rC+)
You are frail. (-10% HP)
Your spells are a little harder to cast, but a little more powerful.
You sometimes lose the ability to read scrolls when taking damage.


Message History

Casting: Poisonous Vapours (safe; 2% risk of failure)
Confirm with . or Enter, or press ? or * to list all spells.
Aiming: Sting (safe; 1% risk of failure)
Press: ? - help, Shift-Dir - straight line, f/p - adder
Aim: an adder (severely wounded, 60% to hit)
The sting hits the adder.
The adder is poisoned.
You kill the adder!
* * * LOW HITPOINT WARNING * * *
You feel very sick.
Okay, then.
It was a potion of flight.
You feel very buoyant.
You fly up into the air.
* * * LOW HITPOINT WARNING * * *
You feel sick.
It was a potion of cancellation.
Your magical effects are unravelling.
You feel magically purged.
You float gracefully downwards.
* * * LOW HITPOINT WARNING * * *
You feel sick.
It was a potion of mutation.
You feel extremely strange.
You lose the ability to read scrolls when threatened.
You feel frail.
You feel less in control of your magic.
You feel resistant to cold.
* * * LOW HITPOINT WARNING * * *
You feel sick.
You are lethally poisoned (2 -> -2).
Your movement speed is average.
Your attack delay is about 2.0.
Okay, then.
It was a potion of resistance.
You feel protected.
* * * LOW HITPOINT WARNING * * *
You feel sick.
It was a potion of attraction.
You feel attractive to monsters.
* * * LOW HITPOINT WARNING * * *
You feel sick.
It was a potion of brilliance.
You feel clever all of a sudden.
You die...

#..#.# ..
##'#.#####..
#............
#..)........###
#...>.........
#...........###
#..............
###..............
###...@............
#...................
#.........##.####...
#.....######.#
#....) #.# #.....
#.# #.... ##.##
#.... #####...# ...
#.......# ....


There were no monsters in sight!

Vanquished Creatures
  An ogre (D:4)
  A gnoll sergeant (D:5)
  A scorpion (D:5)
  An orc priest (D:3)
  2 iguanas (D:4)
  An orc wizard (D:4)
  7 gnolls
  6 adders
  An ufetubus (D:5)
  A worm (D:3)
  8 orcs
  4 endoplasms
  4 giant cockroaches
  9 goblins
  9 hobgoblins
  4 quokkas
  9 ball pythons
  6 bats
  5 frilled lizards
  5 kobolds
  7 rats
92 creatures vanquished.

Vanquished Creatures (others)
  5 toadstools (D:1)
5 creatures vanquished.

Grand Total: 97 creatures vanquished

Notes
Turn   | Place    | Note
-------+----------+-------------------------------------------
     0 | D:1      | pascalblue the Deep Elf Venom Mage began the quest for the
                  | Orb.
     0 | D:1      | Reached XP level 1. HP: 10/10 MP: 6/6
   504 | D:1      | Reached XP level 2. HP: 15/15 MP: 6/8
   507 | D:1      | Learned a level 2 spell: Poisonous Vapours
  1084 | D:2      | Reached skill level 4 in Poison Magic
  1157 | D:2      | Reached XP level 3. HP: 13/19 MP: 8/10
  1161 | D:2      | Learned a level 3 spell: Mephitic Cloud
  1493 | D:2      | Reached skill level 1 in Air Magic
  1824 | D:2      | Found a faded altar of an unknown god.
  2565 | D:3      | Reached XP level 4. HP: 20/24 MP: 0/11
  2727 | D:3      | Reached skill level 1 in Conjurations
  3128 | D:3      | Learned a level 4 spell: Olgreb's Toxic Radiance
  3200 | D:3      | Found Woics's Weapon Shoppe.
  3542 | D:3      | Reached XP level 5. HP: 24/28 MP: 0/13
  3626 | D:3      | Reached skill level 5 in Poison Magic
  3840 | D:3      | Found a faded altar of an unknown god.
  3848 | D:3      | Found a white marble altar of Elyvilon.
  4132 | D:4      | Noticed an ogre
  4164 | D:4      | Killed an ogre
  4327 | D:4      | Reached XP level 6. HP: 32/32 MP: 13/15
  5391 | D:5      | Entered Level 5 of the Dungeon
  5433 | D:5      | Learned a level 3 spell: Stone Arrow
  5458 | D:5      | Reached skill level 5 in Spellcasting
  5805 | D:5      | Reached skill level 6 in Poison Magic
  5805 | D:5      | Reached XP level 7. HP: 36/36 MP: 13/16
  5850 | D:5      | Gained mutation: You sometimes lose the ability to read
                  | scrolls when taking damage. [potion of mutation]
  5850 | D:5      | Gained mutation: You are frail. (-10% HP) [potion of
                  | mutation]
  5850 | D:5      | Gained mutation: Your spells are a little harder to cast,
                  | but a little more powerful. [potion of mutation]
  5850 | D:5      | Gained mutation: Your flesh is cold resistant. (rC+)
                  | [potion of mutation]
  5851 | D:5      | HP: 1/32 [poisoned by an adder]
  5853 | D:5      | Succumbed to an adder's poison

Illustrated notes

Levels and vault maps discovered:
D:1:      ldierk_walled_garden, layout_loops_cross
D:2:      layout_basic, shapermc_ecumenical_altar_pompeii, minmay_heptomino_o4
D:3:      layout_loops_cross, nicolae_overflow_ecumenical_swirl, serial_shops,
          shop_fountains
D:4:      layout_loops_cross
D:5:      layout_basic, feat_on_display

Skill      XL: |  1  2  3  4  5  6 |
---------------+-------------------+-----
Poison Magic   | 4 5 6 |  6.0
Air Magic      | 1 2 |  2.6
Spellcasting   | 4 5 |  5.1
Conjurations   | 1 2 |  2.7
Transmutations | 2 |  2.6
Dodging        | |  2.4
Stealth        | |  2.4
Earth Magic    | |  0.8

Action                   |  1- 3 |  4- 6 |  7- 9 || total
-------------------------+-------+-------+-------++-------
Melee: Club              |    12 |    22 |       ||    34
       Scythe            |       |     9 |     6 ||    15
 Cast: Sting             |    37 |    31 |     1 ||    69
       Poisonous Vapours |    12 |    59 |     2 ||    73
  Use: Scroll            |     9 |     1 |       ||    10
       Potion            |       |     2 |     6 ||     8
 Stab: Sleeping          |       |     1 |       ||     1
Armor: Robe              |     8 |    10 |     4 ||    22
Dodge: Dodged            |    34 |    29 |     8 ||    71

Table legend: (Time is in decaauts)
 A = Elapsed time spent in this place.
 B = Non-inter-level travel time spent in this place.
 C = Inter-level travel time spent in this place.
 D = Time resting spent in this place.
 E = Time spent auto-exploring this place.
 F = Levels seen in this place.
 G = Mean time per level.
                   A        B        C        D        E       F      G
               +--------+--------+--------+--------+--------+-----+--------+
         Total |   5879 |   5740 |    139 |    840 |   3779 |   5 | 1175.8 |
       Dungeon |   5879 |   5740 |    139 |    840 |   3779 |   5 | 1175.8 |
               +--------+--------+--------+--------+--------+-----+--------+

Top non-repeatable levels by time:
     D:4: 1699 daAuts
     D:2: 1491 daAuts
     D:3: 1470 daAuts
     D:1: 1023 daAuts
     D:5: 194 daAuts
